 Dungeon Crawl Stone Soup version 0.31-a0-705-ga145531891 (webtiles) character file.

Game seed: 9713294217062327812

651 zazu2006 the Chiller (level 7, -1/42 (51) HPs)
             Began as a Gnoll Wanderer on Sept 10, 2023.
             Slain by Edmund
             ... wielding a +1 dire flail of draining
              (7 damage)
             ... on level 5 of the Dungeon.
             The game lasted 00:12:06 (4064 turns).

zazu2006 the Chiller (Gnoll Wanderer)               Turns: 4064, Time: 00:12:06

HP:   -1/42 (51)    AC:  6    Str: 11      XL:     7   Next: 53%
MP:   15/15         EV: 12    Int: 18      God:
Gold: 249           SH:  0    Dex:  6 (7)  Spells: 16/17 levels left

rFire   . . .        k - +2 dagger (venom)
rCold   . . .        (no shield)
rNeg    . . .        d - +0 robe
rPois   .            (no helmet)
rElec   .            (no cloak)
rCorr   .            g - +0 pair of gloves
SInv    .            r - +0 pair of boots {Fly}
Will    .....        (no amulet)
Stlth   ++           (no ring)
HPRegen 0.27/turn    (no ring)
MPRegen 0.14/turn

%: no passive effects
@: brilliant, flying, heavily drained
A: fangs 1, strong nose, distributed training, iridescent scales 1, clever 1,
clumsy 1, deterioration 1, devolution 1
a: no special abilities


You were on level 5 of the Dungeon.
You visited 1 branch of the dungeon, and saw 5 of its levels.

You collected 249 gold pieces.

Inventory:

Hand Weapons
 k - a +2 dagger of venom (weapon)
Missiles
 b - 6 boomerangs (quivered)
 x - a throwing net
Armour
 d - a +0 robe (worn)
 g - a +0 pair of gloves (worn)
 r - a +0 pair of boots of flying (worn)
Wands
 a - a wand of flame (19)
 y - a wand of roots (8)
Scrolls
 f - 3 scrolls of fog {unknown}
 i - 2 scrolls of identify {unknown}
 m - a scroll of fear {unknown}
 o - a scroll of enchant armour {unknown}
 p - a scroll of teleportation {unknown}
 q - a scroll of acquirement {unknown}
 s - 2 scrolls of poison {unknown}
 t - a scroll of revelation {unknown}
 u - a scroll of enchant weapon {unknown}
 A - a scroll of vulnerability {unknown}
 B - a scroll of immolation {unknown}
Potions
 e - a potion of mutation
 j - a potion of enlightenment
 l - 3 potions of attraction
 n - a potion of ambrosia {unknown}
 v - a potion of heal wounds {unknown}
 w - a potion of degeneration {unknown}
 z - a potion of cancellation {unknown}
 C - a potion of haste {unknown}


   Skills:
 + Level 2.6 Fighting
 + Level 2.6 Short Blades
 + Level 2.6 Long Blades
 + Level 2.6 Axes
 + Level 2.6 Maces & Flails
 + Level 2.6 Polearms
 + Level 2.6 Staves
 + Level 2.6 Ranged Weapons
 + Level 3.7 Throwing
 + Level 2.6 Armour
 + Level 2.6 Dodging
 + Level 3.5 Stealth
 + Level 2.6 Shields
 + Level 2.6 Unarmed Combat
 + Level 5.7 Spellcasting
 + Level 2.1 Conjurations
 + Level 2.1 Hexes
 + Level 2.1 Summonings
 + Level 2.1 Necromancy
 + Level 2.1 Translocations
 + Level 5.9 Transmutations
 + Level 2.1 Fire Magic
 + Level 5.9 Ice Magic
 + Level 2.1 Air Magic
 + Level 2.1 Earth Magic
 + Level 2.1 Poison Magic
 + Level 2.9 Invocations
 + Level 2.6 Evocations
 + Level 2.3 Shapeshifting


You had 16 spell levels left.
You knew the following spells:

 Your Spells              Type           Power      Damage    Failure   Level
a - Sting                 Tmut/Pois      100%       1d8       2%          1

Your spell library contained the following spells:

 Spells                   Type           Power      Damage    Failure   Level
 Freeze                   Ice            100%       1d10      1%          1
 Ozocubu's Armour         Ice            39%        N/A       3%          3
 Jinxbite                 Hex            38%        N/A       8%          2
 Lesser Beckoning         Tloc           38%        N/A       8%          2
 Ignite Poison            Fire/Tmut/Pois 26%        N/A       10%         3
 Gell's Gravitas          Tloc           19%        N/A       16%         3
 Inner Flame              Hex/Fire       19%        N/A       16%         3
 Teleport Other           Tloc           19%        N/A       16%         3
 Summon Ice Beast         Ice/Summ       29%        N/A       24%         4
 Flame Wave               Conj/Fire      19%        2d7       45%         4
 Sticky Flame             Conj/Fire      19%        2d4       45%         4
 Metabolic Englaciation   Hex/Ice        14%        N/A       54%         5
 Haunt                    Necr/Summ      9%         N/A       100%        7


Dungeon Overview and Level Annotations

Branches:
Dungeon (5/15)
 Temple: D:4-7

Altars:
Trog

Annotations:
D:5 Edmund


Innate Abilities, Weirdness & Mutations

You have very sharp teeth.
Your uncanny sense of smell can sniff out nearby items.
Your experience applies equally to all skills.
You are partially covered in iridescent scales. (AC +2)
Your mind is acute. (Int +4, Str/Dex -1)
You are clumsy. (Dex -2)
Your body sometimes deteriorates upon taking damage.
You have hidden genetic defects.


Message History

The puff of flame hits the phantom!
You destroy the phantom!
Unknown command.
You feel a genetic drift.
You feel yourself wasting away.
HP restored.
There is a stone staircase leading up here.
Edmund the Younger comes into view.
He is wielding a +1 dire flail of draining.
The helpless Edmund fails to defend himself.
You hit Edmund.
Edmund is lightly wounded.
Edmund closely misses you.
You hit Edmund but do no damage.
Edmund is poisoned.
You bite Edmund, but do no damage.
Edmund is lightly wounded.
Edmund closely misses you.
You hit Edmund but do no damage.
Edmund looks as sick as possible!
Edmund is lightly wounded.
Edmund hits you but does no damage.
You feel drained.
You hit Edmund but do no damage.
Edmund is lightly wounded.
Edmund hits you with a +1 dire flail of draining!
Your body deteriorates!
You feel clumsy.
You feel drained.
Edmund hits you with a +1 dire flail of draining!
You feel drained.
Edmund hits you with a +1 dire flail of draining!
You feel drained. Edmund attacks as he pursues you!
Edmund hits you with a +1 dire flail of draining!
* * * LOW HITPOINT WARNING * * *
You feel drained.
* * * LOW HITPOINT WARNING * * *
There is a shaft here.
It was a potion of magic.
Magic courses through your body. Edmund misses you.
It was a potion of brilliance.
You feel clever all of a sudden.
Edmund hits you with a +1 dire flail of draining!
You die...
Edmund says, "That'll show my brother!"

######### ........#
# #########.# #.
.......<#.#
#.###########.#.#
#.>.............#
#...............#
#....<..........#
#.....@....<#####.
#.....@...........#
#.#................
# ###..##########..
##.....###
#####...# #.......#
#.......#
#........#


You could see Edmund (very poisoned).

Vanquished Creatures
  A phantom (D:5)
  2 scorpions
  A hound (D:3)
  A gnoll bouda (D:4)
  3 orc wizards
  Natasha (thrice) (D:2)
  An iguana (D:4)
  7 gnolls
  6 adders
  2 dart slugs
  2 worms
  8 orcs
  7 endoplasms
  5 giant cockroaches
  5 goblins
  7 hobgoblins
  2 jackals (D:1)
  7 quokkas
  9 ball pythons
  9 bats
  5 frilled lizards
  5 kobolds
  A rat (D:2)
99 creatures vanquished.

Notes
Turn   | Place    | Note
-------+----------+-------------------------------------------
     0 | D:1      | zazu2006 the Gnoll Wanderer began the quest for the Orb.
     0 | D:1      | zazu2006 set off with the following items: a +0 dagger, 9
                  | boomerangs, a potion of invisibility, a +0 robe; and the
                  | following spells available to memorise: Freeze, Sting,
                  | Ozocubu's Armour, Ignite Poison, Summon Ice Beast.
     0 | D:1      | Reached XP level 1. HP: 13/13 MP: 6/6
     2 | D:1      | Learned a level 1 spell: Sting
   165 | D:1      | Reached XP level 2. HP: 19/19 MP: 7/7
   631 | D:1      | Reached skill level 5 in Spellcasting
   631 | D:1      | Reached XP level 3. HP: 25/25 MP: 7/9
   866 | D:2      | Noticed Natasha
   873 | D:2      | Killed Natasha
   874 | D:2      | Reached skill level 1 in Fighting
   874 | D:2      | Reached skill level 1 in Short Blades
   874 | D:2      | Reached skill level 1 in Long Blades
   874 | D:2      | Reached skill level 1 in Axes
   874 | D:2      | Reached skill level 1 in Maces & Flails
   874 | D:2      | Reached skill level 1 in Polearms
   874 | D:2      | Reached skill level 1 in Staves
   874 | D:2      | Reached skill level 1 in Ranged Weapons
   874 | D:2      | Reached skill level 1 in Armour
   874 | D:2      | Reached skill level 1 in Dodging
   874 | D:2      | Reached skill level 1 in Shields
   874 | D:2      | Reached skill level 1 in Unarmed Combat
   874 | D:2      | Reached skill level 1 in Invocations
   874 | D:2      | Reached skill level 1 in Evocations
   875 | D:2      | Noticed Natasha
   900 | D:2      | Killed Natasha
   901 | D:2      | Reached skill level 1 in Shapeshifting
   901 | D:2      | Reached XP level 4. HP: 10/32 MP: 0/11
  1084 | D:2      | Reached skill level 1 in Conjurations
  1084 | D:2      | Reached skill level 1 in Hexes
  1084 | D:2      | Reached skill level 1 in Summonings
  1084 | D:2      | Reached skill level 1 in Necromancy
  1084 | D:2      | Reached skill level 1 in Translocations
  1084 | D:2      | Reached skill level 1 in Fire Magic
  1084 | D:2      | Reached skill level 1 in Air Magic
  1084 | D:2      | Reached skill level 1 in Earth Magic
  1084 | D:2      | Reached skill level 1 in Poison Magic
  1219 | D:2      | Found a faded altar of an unknown god.
  1318 | D:2      | Reached XP level 5. HP: 37/37 MP: 12/12
  1524 | D:2      | Noticed Natasha
  1535 | D:2      | Killed Natasha
  1873 | D:3      | Reached XP level 6. HP: 29/44 MP: 7/13
  2839 | D:4      | Reached XP level 7. HP: 46/50 MP: 9/15
  3248 | D:4      | Got the Octavo of the Vanishing Defenders
  3367 | D:4      | Found a bloodstained altar of Trog.
  3420 | D:4      | Gained mutation: You have hidden genetic defects. [potion
                  | of mutation]
  3420 | D:4      | Gained mutation: Your mind is acute. (Int +4, Str/Dex -1)
                  | [potion of mutation]
  3420 | D:4      | Gained mutation: You are clumsy. (Dex -2) [potion of
                  | mutation]
  3420 | D:4      | Gained mutation: You are partially covered in iridescent
                  | scales. (AC +2) [potion of mutation]
  3434 | D:4      | HP: 2/51 [poisoned by an orc wizard]
  3937 | D:5      | Entered Level 5 of the Dungeon
  3986 | D:5      | Gained mutation: Your body sometimes deteriorates upon
                  | taking damage. [hidden defects]
  4047 | D:5      | Noticed Edmund
  4064 | D:5      | Slain by Edmund

Illustrated notes

Levels and vault maps discovered:
D:1:      minmay_arrival_radiant_lines, layout_loops_cross
D:2:      minmay_inner_zag, layout_rooms, serial_glass, glass_columns_c,
          glass_columns_a, glass_columns_a, glass_columns_c, glass_columns_c,
          glass_columns_a, due_unseen_surprise, item_on_display_a,
          nicolae_ecumenical_snake_handling, uniq_natasha
D:3:      layout_loops_ring
D:4:      layout_basic, trog_three_pillars_becter, serial_corexii_hall,
          chequers_hall_statues_y, corexii_hall_statues_i,
          kennysheep_flooded_box
D:5:      layout_basic, ashenzari_altar_1, xom_teletrap_fun,
          minmay_temple_entry_ruins, uniq_edmund

Skill      XL: |  1  2  3  4  5  6  7 |
---------------+----------------------+-----
Spellcasting   | 5 |  5.7
Fighting       | 1 2 |  2.6
Short Blades   | 1 2 |  2.6
Long Blades    | 1 2 |  2.6
Axes           | 1 2 |  2.6
Maces & Flails | 1 2 |  2.6
Polearms       | 1 2 |  2.6
Staves         | 1 2 |  2.6
Ranged Weapons | 1 2 |  2.6
Armour         | 1 2 |  2.6
Dodging        | 1 2 |  2.6
Shields        | 1 2 |  2.6
Unarmed Combat | 1 2 |  2.6
Invocations    | 1 2 |  2.9
Evocations     | 1 2 |  2.6
Shapeshifting  | 1 2 |  2.3
Conjurations   | 1 2 |  2.1
Hexes          | 1 2 |  2.1
Summonings     | 1 2 |  2.1
Necromancy     | 1 2 |  2.1
Translocations | 1 2 |  2.1
Fire Magic     | 1 2 |  2.1
Air Magic      | 1 2 |  2.1
Earth Magic    | 1 2 |  2.1
Poison Magic   | 1 2 |  2.1
Throwing       | 3 |  3.7
Stealth        | 3 |  3.5
Transmutations | |  5.9
Ice Magic      | |  5.9

Action                     |  1- 3 |  4- 6 |  7- 9 || total
---------------------------+-------+-------+-------++-------
  Melee: Dagger            |    18 |    30 |    38 ||    86
         Bite              |     2 |       |     3 ||     5
         Punch             |       |       |     1 ||     1
  Throw: Boomerang         |    27 |    72 |     8 ||   107
   Cast: Sting             |    38 |    93 |    26 ||   157
  Evoke: Wand              |       |       |     4 ||     4
    Use: Potion            |     1 |       |     8 ||     9
   Stab: Distracted        |     1 |       |       ||     1
         Sleeping          |       |     2 |     1 ||     3
 Armour: Robe              |    21 |    40 |    48 ||   109
  Dodge: Dodged            |    27 |    34 |    19 ||    80

Table legend: (Time is in decaauts)
 A = Elapsed time spent in this place.
 B = Non-inter-level travel time spent in this place.
 C = Inter-level travel time spent in this place.
 D = Time resting spent in this place.
 E = Time spent auto-exploring this place.
 F = Levels seen in this place.
 G = Mean time per level.
                   A        B        C        D        E       F      G
               +--------+--------+--------+--------+--------+-----+--------+
         Total |   4075 |   3958 |    117 |     24 |   3207 |   5 |  815.0 |
       Dungeon |   4075 |   3958 |    117 |     24 |   3207 |   5 |  815.0 |
               +--------+--------+--------+--------+--------+-----+--------+

Top non-repeatable levels by time:
     D:4: 1268 daAuts
     D:3: 928 daAuts
     D:2: 894 daAuts
     D:1: 860 daAuts
     D:5: 123 daAuts
